 Dungeon Crawl Stone Soup version 0.18-a0-59-gb630132 (webtiles) character file.

55588 ReteAZ the Grappler (level 14, -7/143 HPs)
             Began as a Troll Monk on Nov 8, 2015.
             Was a High Priest of Okawaru.
             Mangled by a seven-headed hydra (8 damage)
             ... on level 8 of the Lair of Beasts.
             The game lasted 01:00:27 (18584 turns).

ReteAZ the Grappler (Troll Monk)                   Turns: 18584, Time: 01:00:27

Health: -7/143     AC: 10    Str: 22    XL:     14   Next: 38%
Magic:  18/18      EV: 18    Int:  6    God:    Okawaru [*****.]
Gold:   1120       SH:  0    Dex: 16    Spells: 0 memorised, 13 levels left

rFire  + . .     SeeInvis .     C - +0 scimitar (flame)
rCold  . . .     Clarity  .     o - +1 robe {rF+}
rNeg   . . .     SustAt   .     (no shield)
rPois  +         Gourm    +     k - +2 hat
rElec  .         Spirit   .     a - +0 cloak {rPois}
rCorr  .         Warding  .     (gloves unavailable)
rMut   .         Stasis   .     (boots unavailable)
MR     +....                    U - amulet of rage
Stlth  ++........               D - +2 ring of slaying
                                p - +1 ring of protection

@: somewhat resistant to hostile enchantments, unstealthy
A: unfitting armour, claws 3, fast metabolism 3, gourmand, regeneration 2,
shaggy fur 1, tough skin 2
a: Heroism, Finesse, Renounce Religion, Evoke Berserk Rage


You were on level 8 of the Lair of Beasts.
You worshipped Okawaru.
Okawaru was extremely pleased with you.
You were very full.

You visited 3 branches of the dungeon, and saw 21 of its levels.

You collected 1120 gold pieces.

Inventory:

Hand Weapons
 C - a +0 scimitar of flaming (weapon)
Missiles
 g - 10 large rocks
 V - 3 javelins (quivered)
Armour
 a - a +0 cloak of poison resistance (worn)
 k - a +2 hat (worn)
 o - a +1 robe of fire resistance (worn)
 s - a +0 cloak of invisibility
 v - the +2 robe of Filth {rF- Str+6}
   (You found it on level 6 of the Dungeon)

   It affects your strength (+6).
   It makes you vulnerable to fire.
Jewellery
 p - a +1 ring of protection (left claw)
 q - an uncursed ring of protection from magic
 D - a +2 ring of slaying (right claw)
 H - an uncursed ring of flight
 N - an uncursed ring of protection from cold
 U - an amulet of rage (around neck)
Wands
 i - a wand of flame (29)
 r - a wand of cold (11)
 x - a wand of fire (7)
 E - a wand of digging (7)
 L - a wand of confusion (13)
Scrolls
 d - 7 scrolls of enchant armour
 e - 2 scrolls of teleportation
 f - 11 scrolls of identify
 h - 3 scrolls of enchant weapon
 l - a scroll of magic mapping
 y - 4 scrolls of fog
 G - 4 scrolls of amnesia
 K - a scroll of remove curse
 P - a scroll of silence
 Q - 3 scrolls of recharging
 R - 2 scrolls of fear
Potions
 n - 10 potions of curing
 u - 2 potions of magic
 B - 3 potions of berserk rage
 I - 2 potions of agility
 J - a potion of brilliance
 M - a potion of might
 W - a potion of heal wounds
 Y - a potion of cancellation {unknown}
Books
 j - a book of Power

   Spells                             Type                      Level
   a - Fulminant Prism                Conjuration/Hexes            4
   b - Iskenderun's Mystic Blast      Conjuration                  4
   c - Venom Bolt                     Conjuration/Poison           5
   d - Bolt of Magma                  Conjuration/Fire/Earth       5
   e - Iron Shot                      Conjuration/Earth            6
   f - Orb of Destruction             Conjuration                  7
   g - Spellforged Servitor           Conjuration/Summoning        7
 m - a book of the Tempests

   Spells                             Type                      Level
   a - Static Discharge               Conjuration/Air              3
   b - Lightning Bolt                 Conjuration/Air              5
   c - Fireball                       Conjuration/Fire             5
   d - Tornado                        Air                          9
   e - Shatter                        Earth                        9
 w - a book of Summonings

   Spells                             Type                      Level
   a - Recall                         Summoning/Translocation      3
   b - Aura of Abjuration             Summoning                    5
   c - Shadow Creatures               Summoning                    5
   d - Summon Demon                   Summoning                    5
   e - Summon Forest                  Summoning/Translocation      5
   f - Summon Mana Viper              Hexes/Summoning              5
 S - a book of the Warp

   Spells                             Type                      Level
   a - Recall                         Summoning/Translocation      3
   b - Gell's Gravitas                Hexes/Translocation          3
   c - Force Lance                    Conjuration/Translocation    4
   d - Phase Shift                    Translocation                5
   e - Warp Weapon                    Charms/Translocation         5
   f - Summon Forest                  Summoning/Translocation      5
 T - a book of Beasts

   Spells                             Type                      Level
   a - Summon Butterflies             Summoning                    1
   b - Call Canine Familiar           Summoning                    3
   c - Summon Ice Beast               Ice/Summoning                4
   d - Summon Mana Viper              Hexes/Summoning              5
   e - Summon Hydra                   Summoning                    7
 X - a book of Burglary

   Spells                             Type                      Level
   a - Swiftness                      Charms/Air                   2
   b - Passwall                       Transmutation/Earth          3
   c - Passage of Golubria            Translocation                4
   d - Lee's Rapid Deconstruction     Earth                        5
   e - Darkness                       Hexes                        6
   f - Invisibility                   Hexes                        6
 Z - a Necronomicon

   Spells                             Type                      Level
   a - Haunt                          Necromancy/Summoning         7
   b - Borgnjor's Revivification      Necromancy                   8
   c - Death's Door                   Charms/Necromancy            8
   d - Necromutation                  Transmutation/Necromancy     8
Miscellaneous
 b - a crystal ball of energy
 F - a fan of gales (inert)
Comestibles
 c - 6 meat rations {@e2}
 t - 4 beef jerkies
 z - 11 slices of pizza
 A - 9 fruits
 O - a bread ration {@e1}


   Skills:
 - Level 10.0 Fighting
 - Level 12.0 Dodging
 - Level 1.1 Stealth
 + Level 14.6 Unarmed Combat
 - Level 7.4 Invocations
 - Level 6.0 Evocations


You had 13 spell levels left.
You didn't know any spells.

Dungeon Overview and Level Annotations

Branches:
Dungeon (12/15)            Temple (1/1) D:7            Lair (8/8) D:11
  Swamp (0/4) Lair:5       Spider (0/4) Lair:5          Orc (0/4) D:9
  Slime: Lair:6-8

Altars:
Ashenzari
Cheibriados
Dithmenos
Elyvilon
Fedhas
Gozag
Kikubaaqudgha
Makhleb
Nemelex Xobeh
Okawaru
Qazlal
Ru
Sif Muna
Trog
Vehumet
Xom
Yredelemnul
Zin
The Shining One

Shops:
D:4 (   D:7 [   D:8 *   D:10 *

Annotations:
D:11 Maud
Lair:6 Rupert


Innate Abilities, Weirdness & Mutations

You are too large for most types of armour.
You have claws for hands.
Your metabolism is lightning-fast.
You like to eat raw meat.
You heal very quickly.
You are covered in fur (AC +1).
You have very tough skin (AC +2).


Message History

The eight-headed hydra bites you!
* * * LOW HITPOINT WARNING * * *
The eight-headed hydra barely misses you.
The eight-headed hydra misses you.
The eight-headed hydra barely misses you.
You chop one of the eight-headed hydra's heads off!
The flame cauterises the wound!
You slash the seven-headed hydra! You burn the seven-headed hydra.
The seven-headed hydra is lightly wounded.
The spiny frog stings you!
* * * LOW HITPOINT WARNING * * *
The seven-headed hydra bites you.
* * * LOW HITPOINT WARNING * * *
The seven-headed hydra bites you but does no damage.
The seven-headed hydra bites you!
* * * LOW HITPOINT WARNING * * *
The seven-headed hydra bites you!
* * * LOW HITPOINT WARNING * * *
The seven-headed hydra bites you!
You die...

....≈...≈≈≈≈≈≈≈≈≈≈≈(≈≈≈≈≈....≈...
...P.≈.≈ ≈≈≈≈≈≈≈≈..≈≈≈≈≈≈≈....≈..
..≈P..≈ ≈≈≈≈≈≈P≈≈≈≈P≈≈≈P≈≈≈.≈...
......≈ ≈P≈≈≈≈P≈≈≈≈≈≈≈≈P≈≈P≈..
....≈≈≈ ≈≈≈≈≈≈≈≈≈≈≈≈≈≈≈≈≈≈≈≈≈ .≈
..≈.≈P. ≈≈≈≈≈≈≈≈≈≈≈≈≈≈≈≈≈≈≈≈P≈..
...≈≈≈≈ P≈.≈≈≈≈.≈≈≈≈≈≈≈PP≈≈P≈≈..
.P≈.≈≈ ≈≈≈≈≈≈PDFP≈P≈≈≈≈P≈≈≈≈≈..
....≈≈ ≈≈≈≈≈≈.@)=.≈≈≈≈≈.≈≈≈≈≈≈.
...≈≈≈ ≈≈≈≈PPP%!|!≈..P≈P≈P≈≈≈..
y.P≈≈≈ ≈≈≈≈P..P!)[.P≈P≈≈≈≈≈≈≈≈.
..F.≈≈ ≈≈≈≈≈≈≈.≈≈.≈≈.≈≈≈≈≈≈.PP.
..≈≈≈≈ ≈≈≈≈≈.P≈.P≈≈≈≈≈≈≈≈≈≈≈≈≈.
.P..≈F ≈≈≈≈≈≈≈≈≈≈≈≈≈≈≈≈≈≈≈≈≈≈≈.
.≈..≈≈ ≈P≈≈≈≈≈≈P≈≈≈≈P≈.P≈≈≈P≈≈.
≈≈≈.≈P≈≈≈≈≈≈≈≈≈≈≈≈P≈≈≈≈.
≈≈≈≈≈P≈≈.≈≈≈≈.≈≈≈≈≈≈.≈


You could see a seven-headed hydra and a spiny frog.

Vanquished Creatures
  6 hydras
  A catoblepas (Lair:7)
  Erica (D:11)
  Urug (Lair:4)
  3 hill giants
  A wolf spider zombie (D:12)
  3 griffons
  An ugly thing (D:11)
  4 black mambas
  13 elephants
  Maurice (D:11)
  14 spiny frogs
  2 gargoyles (D:11)
  5 komodo dragons
  The ghost of ReteAZ the Grappler, an amateur TrMo (D:4)
  A jumping spider (Lair:5)
  3 trolls
  4 fire drakes
  Grinder (D:6)
  6 slime creatures (D:11)
  2 two-headed ogres
  A wyvern (D:8)
  A redback (Lair:5)
  26 blink frogs
  4 water elementals (D:10)
  A wraith (Lair:6)
  47 yaks
  6 hippogriffs
  3 wolves (Lair:5)
  2 hungry ghosts
  3 basilisks
  7 vampire mosquitoes
  A human (D:7)
  3 sky beasts
  4 ice beasts
  An orc warrior (D:7)
  11 water moccasins
  3 black bears
  2 necrophages
  8 porcupines
  2 phantoms
  2 centaurs
  An eye of draining (D:9)
  5 ogres
  16 crocodiles
  30 giant frogs
  4 big kobolds
  A wyvern skeleton (D:11)
  3 scorpions
  9 killer bees
  9 wights
  3 electric eels (Lair:8)
  4 crimson imps
  2 jellies
  A giant frog skeleton (D:10)
  Ijyb (D:2)
  3 orc priests
  3 orc wizards
  2 hounds
  Jessica (D:3)
  A centaur skeleton (D:10)
  Terence (D:3)
  8 iguanas
  16 sheep
  5 worker ants
  A hound skeleton (D:7)
  2 hound zombies
  A worker ant zombie (D:10)
  14 river rats
  12 adders
  A shadow imp (D:3)
  2 adder skeletons
  2 oozes
  A worm (D:3)
  4 giant geckos
  23 orcs
  4 hobgoblins
  5 quokkas
  11 bats
  9 giant cockroaches
  A giant gecko skeleton (D:7)
  9 giant newts
  5 goblins
  12 jackals
  20 kobolds
  8 rats
  A fungus (Lair:8)
489 creatures vanquished.

Vanquished Creatures (collateral kills)
  Snorg (Lair:7)
  2 hydras
  A jumping spider (Lair:5)
  A blink frog (Lair:8)
  A water moccasin (Lair:7)
6 creatures vanquished.

Vanquished Creatures (others)
  46 fungi
  27 plants
73 creatures vanquished.

Grand Total: 568 creatures vanquished

Notes
Turn   | Place    | Note
--------------------------------------------------------------
     0 | D:1      | ReteAZ the Troll Monk began the quest for the Orb.
     0 | D:1      | Reached XP level 1. HP: 22/22 MP: 0/0
   146 | D:1      | Reached XP level 2. HP: 29/29 MP: 1/1
   499 | D:1      | Found a sparkling altar of Nemelex Xobeh.
   721 | D:2      | Reached XP level 3. HP: 36/36 MP: 2/2
  1243 | D:2      | Noticed Ijyb
  1260 | D:2      | Killed Ijyb
  1260 | D:2      | Reached skill level 5 in Unarmed Combat
  1260 | D:2      | Reached XP level 4. HP: 40/44 MP: 3/3
  1439 | D:3      | Reached XP level 5. HP: 50/53 MP: 4/4
  1477 | D:3      | Noticed Terence
  1499 | D:3      | Killed Terence
  1809 | D:3      | Noticed Jessica
  1813 | D:3      | Killed Jessica
  2181 | D:4      | Found a shattered altar of Ashenzari.
  2185 | D:4      | Noticed ReteAZ's ghost (amateur TrMo)
  2191 | D:4      | Gained mutation: You have a pair of small horns on your head. [potion of mutation]
  2191 | D:4      | Gained mutation: You can spit weak poison. [potion of mutation]
  2191 | D:4      | Gained mutation: You are frail (-10% HP). [potion of mutation]
  2260 | D:5      | Entered Level 5 of the Dungeon
  2362 | D:5      | Noticed a centaur
  2375 | D:5      | Killed a centaur
  2375 | D:5      | Reached skill level 6 in Unarmed Combat
  2375 | D:5      | Reached XP level 6. HP: 16/54 MP: 5/5
  2919 | D:5      | Reached XP level 7. HP: 52/61 MP: 6/6
  3263 | D:5      | Reached skill level 7 in Unarmed Combat
  3722 | D:4      | Found a sacrificial altar of Ru.
  3757 | D:4      | Found a shadowy altar of Dithmenos.
  3863 | D:4      | Found Sim Wolueng's Antique Weapon Shoppe.
  3942 | D:4      | Reached XP level 8. HP: 66/71 MP: 7/7
  4382 | D:4      | Killed ReteAZ's ghost
  4382 | D:4      | Reached skill level 8 in Unarmed Combat
  4520 | D:6      | Noticed a two-headed ogre
  4528 | D:6      | Killed a two-headed ogre
  4528 | D:6      | Reached skill level 5 in Dodging
  4616 | D:6      | Reached skill level 5 in Fighting
  4619 | D:6      | Got a steaming robe
  4630 | D:6      | Identified the +2 robe of Filth {rF- Str+6} (You found it on level 6 of the Dungeon)
  4740 | D:6      | Noticed Grinder
  4753 | D:6      | Killed Grinder
  4753 | D:6      | Reached skill level 9 in Unarmed Combat
  5002 | D:6      | Reached XP level 9. HP: 72/79 MP: 8/8
  5254 | D:7      | Found a glowing golden altar of the Shining One.
  5644 | D:7      | Found a staircase to the Ecumenical Temple.
  5651 | D:7      | Found Orchofem's Armour Boutique.
  5663 | D:7      | Reached skill level 10 in Unarmed Combat
  5716 | Temple   | Entered the Ecumenical Temple
  5964 | D:7      | Found an iron altar of Okawaru.
  5983 | D:7      | Became a worshipper of Warmaster Okawaru
  5983 | D:7      | Reached * piety under Okawaru
  5983 | D:7      | Reached ** piety under Okawaru
  6450 | D:8      | Found an opulent altar of Gozag.
  6608 | D:8      | Reached skill level 1 in Invocations
  6773 | D:8      | Reached XP level 10. HP: 90/90 MP: 10/10
  6894 | D:8      | Found Ynadela's General Store.
  7115 | D:9      | Reached skill level 11 in Unarmed Combat
  7115 | D:9      | Reached XP level 11. HP: 96/101 MP: 11/11
  7165 | D:9      | Found a bloodstained altar of Trog.
  7191 | D:9      | Found a staircase to the Orcish Mines.
  7351 | D:9      | Found a burning altar of Makhleb.
  7618 | D:9      | Reached skill level 12 in Unarmed Combat
  7621 | D:9      | Reached *** piety under Okawaru
  8164 | D:10     | Entered Level 10 of the Dungeon
  8170 | D:10     | Lost mutation: You are frail (-10% HP). [potion of cure mutation]
  8170 | D:10     | Lost mutation: You have a pair of small horns on your head. [potion of cure mutation]
  8170 | D:10     | Lost mutation: You can spit weak poison. [potion of cure mutation]
  8188 | D:10     | Noticed a hill giant
  8356 | D:10     | Killed a hill giant
  8723 | D:10     | Found Sysoseleus's General Store.
  9348 | D:11     | Noticed Maud
  9348 | D:11     | Noticed Maurice
  9414 | D:11     | Noticed Erica
  9431 | D:11     | Killed Erica
  9431 | D:11     | Reached **** piety under Okawaru
  9629 | D:11     | Noticed a hill giant
  9636 | D:11     | Killed a hill giant
  9636 | D:11     | Reached skill level 10 in Fighting
  9810 | D:11     | Reached skill level 1 in Evocations
  9819 | D:11     | Killed Maurice
  9997 | D:11     | Reached XP level 12. HP: 46/126 MP: 13/13
 10126 | D:11     | Found a staircase to the Lair.
 10489 | D:12     | Reached ***** piety under Okawaru
 10561 | Lair:1   | Entered Level 1 of the Lair of Beasts
 11064 | Lair:1   | Reached skill level 5 in Evocations
 11872 | Lair:2   | Reached skill level 10 in Dodging
 12047 | Lair:2   | Received a gift from Okawaru
 12560 | Lair:3   | Reached skill level 5 in Invocations
 13316 | Lair:4   | Noticed Urug
 13329 | Lair:4   | Killed Urug
 13329 | Lair:4   | Reached ****** piety under Okawaru
 13814 | Lair:4   | Reached XP level 13. HP: 133/133 MP: 16/16
 14089 | Lair:5   | Received a gift from Okawaru
 14378 | Lair:5   | Found a hole to the Spider Nest.
 14658 | Lair:5   | HP: 3/133 [six-headed hydra (16)]
 14937 | Lair:5   | Found a staircase to the Swamp.
 15198 | Lair:6   | Noticed Rupert
 15871 | Lair:7   | Noticed Snorg
 15906 | Lair:7   | Killed Snorg
 16546 | Lair:7   | Received a gift from Okawaru
 16882 | Lair:8   | Entered Level 8 of the Lair of Beasts
 17229 | Lair:8   | Reached skill level 13 in Unarmed Combat
 17377 | Lair:8   | Reached XP level 14. HP: 72/143 MP: 18/18
 17573 | Lair:8   | Received a gift from Okawaru
 18055 | Lair:8   | Reached skill level 14 in Unarmed Combat
 18584 | Lair:8   | HP: 1/143 [seven-headed hydra (7)]
 18584 | Lair:8   | Mangled by a seven-headed hydra

Vault maps used:
D:1:      lightli_arrival_farm, grunt_decor_mini_mirrors,
          minmay_strange_pillars, kennysheep_small_spiral, nemelex_deck
D:2:      serial_glass, glass_columns_a, glass_columns_a, uniq_iyjb
D:3:      minmay_misc_feat_ornament, uniq_jessica, uniq_terence
D:4:      nicolae_overflow_crystal_walls, kennysheep_mini_moat,
          old_standard_altar, first_bread, serial_shops, shop_statue,
          kennysheep_generic_room_3
D:6:      hangedman_abyss_or_decor_lesser_grid, grunt_ministairs_11,
          kennysheep_generic_room_16, uniq_grinder
D:7:      okawaru_trees_2, minmay_temple_entry_large_hall, serial_shops,
          nicolae_shop_temple_entry_statues_fountains, grunt_livestock,
          tso_metal_star
D:8:      nicolae_gozag_seed_capital, serial_shops, shop
D:9:      bloody_makhleb, trog_eyes_of_draining, david_orc_2
D:10:     serial_shops, shop, nicolae_underground_beach
D:11:     david_lair_generic, uniq_maud, uniq_erica, uniq_maurice
D:12:     basic_altar, minmay_sticks_and_stones
Temple:   water_room_temple_b_12
Lair:1:   grunt_megastairs_2
Lair:2:   infiniplex_staircase_pool_2, grunt_megastairs_4
Lair:3:   minivault_19, wad_woods_river_04, grunt_forest_small_clearings
Lair:4:   uniq_urug
Lair:5:   minmay_swamp_entry_eels, spider_nest_entry_funnel_web
Lair:6:   uniq_rupert, uniq_josephine
Lair:7:   uniq_snorg
Lair:8:   minmay_lair_end_frog_pond, slime_altar_2, minivault_11,
          serial_bayou_shore_b

Action                   |  1- 3 |  4- 6 |  7- 9 | 10-12 | 13-15 || total
-------------------------+-------+-------+-------+-------+-------++-------
Melee: Unarmed           |    93 |   143 |   227 |   520 |   477 ||  1460
       Scimitar          |       |       |       |       |    17 ||    17
Throw: Large rock        |       |       |       |       |    40 ||    40
       Javelin           |       |       |       |       |     8 ||     8
Invok: Heroism           |       |       |     1 |     5 |    14 ||    20
       Finesse           |       |       |       |       |     1 ||     1
 Abil: Spit Poison       |       |       |     4 |       |       ||     4
Evoke: Wand              |       |       |       |     5 |     4 ||     9
       Fan of gales      |       |       |       |       |     3 ||     3
  Use: Potion            |       |     1 |     7 |     4 |     4 ||    16
       Scroll            |       |       |       |    17 |    11 ||    28
 Stab: Sleeping          |     3 |     4 |     2 |     7 |     1 ||    17
       Distracted        |       |     1 |       |       |       ||     1
  Eat: Chunk             |    16 |    11 |    31 |    74 |    43 ||   175
       Meat ration       |       |       |     1 |       |       ||     1
       Pizza             |       |       |     1 |       |       ||     1
       Beef jerky        |       |       |     1 |       |       ||     1
       Fruit             |       |       |       |     2 |       ||     2
